Map: 瑟拉斯废墟

Players

iGMacSed

  • Race: Protoss Protoss
  • League: Master

iGRushcrazy

  • Race: Protoss Protoss
  • League: Master

iGXiGua

  • Race: Zerg Zerg
  • League: Master

iGJim

  • Race: Zerg Zerg
  • League: Master

Event: GPL 2015 - Grand Finals

VOD

Have the link to the VOD?

Description

Time

  • Played on: Jan. 24, 2016, 1:30 a.m.
  • Length: 9:02

All games in this series

Show
View Real Time Build Order
Export as new Build Order

iGMacSed Protoss 

Build Orders: 1 Gate Expand, Zealot Archon 

Get SALT Encoding   

  12  0:01  Probe (Chrono Boost)  
  13  0:11  Probe (Chrono Boost)  
  14  0:17  Pylon  
  14  0:22  Probe (Chrono Boost)  
  15  0:36  Probe (Chrono Boost)  
  15  0:37  Gateway  
  16  0:46  Probe (Chrono Boost)  
  16  0:49  Assimilator  
  18  0:57  Probe (Chrono Boost)  
  18  1:07  Probe (Chrono Boost)  
  19  1:18  Probe (Chrono Boost)  
  20  1:25  Nexus  
  20  1:34  Cybernetics Core  
  20  1:36  Zealot  
  23  1:48  Probe (Chrono Boost)  
  23  1:51  Pylon  
  23  1:56  Assimilator  
  23  2:10  Pylon  
  23  2:16  Mothership Core (Chrono Boost)  
  23  2:18  Zealot  
  27  2:34  Probe (Chrono Boost)  
  27  2:37  Probe (Chrono Boost)  
  28  2:45  Probe (Chrono Boost)  
  28  2:48  Probe (Chrono Boost)  
  28  2:49  Twilight Council  
  30  2:54  Warp Gate  
  30  2:55  Probe (Chrono Boost)  
  31  2:59  Pylon  
  31  3:01  Probe (Chrono Boost)  
  32  3:07  Probe (Chrono Boost)  
  32  3:12  Probe (Chrono Boost)  
  34  3:18  Adept  
  34  3:19  Probe (Chrono Boost)  
  37  3:22  Probe (Chrono Boost)  
  37  3:25  Resonating Glaives  
  38  3:33  Pylon, Probe (Chrono Boost)  
  40  3:34  Probe (Chrono Boost)  
  40  3:45  Probe x2 (Chrono Boost)  
  40  3:46  Adept  
  44  3:55  Probe (Chrono Boost)  
  46  3:57  Probe (Chrono Boost)  
  46  4:02  Gateway  
  46  4:05  Gateway  
  46  4:06  Pylon, Probe (Chrono Boost)  
  43  4:14  Adept, Probe (Chrono Boost)  
  43  4:16  Probe (Chrono Boost)  
  47  4:22  Pylon  
  47  4:26  Probe (Chrono Boost)  
  47  4:27  Probe (Chrono Boost)  
  49  4:33  Stargate  
  49  4:38  Probe x2 (Chrono Boost)  
  51  4:43  Nexus  
  51  4:45  Pylon  
  51  4:48  Probe (Chrono Boost)  
  51  4:50  Probe (Chrono Boost)  
  53  4:59  Adept x3  
  59  5:01  Probe (Chrono Boost)  
  59  5:02  Charge, Probe (Chrono Boost)  
  61  5:12  Probe (Chrono Boost)  
  61  5:13  Probe (Chrono Boost)  
  63  5:16  Assimilator  
  63  5:17  Assimilator  
  63  5:20  Stalker  
  65  5:23  Adept, Probe (Chrono Boost)  
  65  5:24  Probe (Chrono Boost)  
  69  5:33  Probe (Chrono Boost)  
  70  5:36  Probe (Chrono Boost)  
  70  5:39  Oracle  
  70  5:41  Gateway x2  
  71  5:45  Probe (Chrono Boost)  
  74  5:50  Probe (Chrono Boost)  
  74  5:52  Zealot x2  
  74  5:55  Probe (Chrono Boost)  
  78  5:57  Probe (Chrono Boost)  
  78  5:59  Robotics Facility  
  78  6:02  Probe (Chrono Boost)  
  78  6:03  Zealot  
  81  6:06  Probe (Chrono Boost)  
  81  6:09  Probe (Chrono Boost)  
  81  6:10  Oracle  
  83  6:14  Probe (Chrono Boost)  
  83  6:15  Pylon  
  85  6:22  Robotics Facility, Probe x2 (Chrono Boost)  
  83  6:26  Assimilator  
  83  6:31  Zealot x2  
  85  6:33  Zealot  
  85  6:34  Assimilator  
  85  6:35  Probe (Chrono Boost)  
  85  6:36  Probe x2 (Chrono Boost)  
  85  6:39  Pylon  
  90  6:41  Warp Prism  
  92  6:51  Gateway  
  92  6:55  Gateway  
  92  6:56  Zealot x3  
  98  7:01  Templar Archives  
  98  7:03  Pylon  
  98  7:04  Gateway  
  98  7:06  Immortal  
  98  7:15  Observer  
  102  7:21  Zealot x3  
  102  7:22  Zealot x2  
  113  7:24  Pylon  
  113  7:26  Pylon  
  113  7:31  Gateway  
  113  7:32  Probe (Chrono Boost)  
  113  7:33  Immortal  
  113  7:34  Gateway  
  114  7:43  High Templar x3  
  114  7:44  High Templar  
  126  7:46  Zealot  
  126  7:50  Archon  
  126  7:51  Archon  
  128  7:54  Immortal  
  108  8:09  High Templar x2  
  108  8:10  Zealot  
  106  8:15  Archon  
  106  8:17  Mothership Core (Chrono Boost)  
  106  8:18  Zealot x4  
  114  8:22  Immortal  
  114  8:31  Zealot x3  
  114  8:32  Pylon  
  114  8:35  Pylon  
  114  8:39  Zealot x2  
  114  8:40  Zealot x5  
  106  8:55  Zealot x3  
Show
View Real Time Build Order
Export as new Build Order

iGRushcrazy Protoss 

Build Orders:  

Get SALT Encoding   

  12  0:18  Spawning Pool  
  11  0:22  Drone  
  11  0:27  Drone  
  13  0:32  Drone  
  14  0:40  Overlord  
  14  0:46  Extractor  
  14  0:47  Drone  
  15  1:05  Zergling x2  
  15  1:06  Zergling x2, Queen  
  19  1:16  Zergling x2  
  20  1:36  Hatchery  
  20  1:37  Drone  
  20  1:42  Drone  
  20  1:55  Queen  
  20  2:00  Overlord  
  22  2:19  Drone x2  
  22  2:21  Zergling x2  
  25  2:27  Drone x3  
  27  2:45  Hatchery  
  27  2:51  Drone  
  27  2:52  Drone  
  27  2:56  Drone  
  27  2:57  Drone  
  29  3:04  Drone x2  
  31  3:06  Drone  
  31  3:10  Overlord  
  32  3:13  Drone  
  32  3:15  Drone  
  34  3:24  Zergling x2  
  35  3:27  Queen  
  35  3:30  Zergling x4  
  35  3:33  Drone x2  
  41  3:37  Overlord  
  41  3:39  Drone  
  41  3:40  Drone  
  43  3:57  Drone  
  43  3:59  Drone  
  43  4:00  Drone  
  45  4:05  Drone x6  
  45  4:09  Drone x2  
  52  4:12  Extractor  
  52  4:13  Extractor, Drone  
  52  4:16  Overlord  
  51  4:19  Drone  
  51  4:22  Drone  
  53  4:24  Roach Warren, Queen  
  53  4:28  Drone  
  53  4:30  Drone  
  55  4:33  Drone  
  56  4:39  Drone  
  56  4:42  Drone x4  
  56  4:43  Queen  
  56  4:44  Extractor  
  64  4:45  Zergling x6  
  64  4:49  Overlord  
  64  4:56  Overlord  
  64  4:57  Overlord  
  64  5:05  Lair  
  64  5:09  Drone x6  
  70  5:14  Overlord  
  70  5:15  Overlord  
  70  5:16  Metabolic Boost  
  70  5:18  Drone x2  
  70  5:19  Evolution Chamber  
  71  5:22  Extractor  
  71  5:24  Extractor x2  
  71  5:26  Roach x3  
  73  5:30  Roach x2  
  73  5:35  Roach  
  77  5:45  Roach x4  
  80  5:56  Roach x2  
  83  6:01  Drone  
  83  6:02  Drone  
  83  6:03  Queen  
  85  6:07  Drone x3  
  88  6:12  Glial Reconstitution  
  88  6:15  Drone x2  
  89  6:22  Drone  
  88  6:28  Overseer  
  88  6:30  Overlord  
  88  6:31  Overlord  
  87  6:33  Zerg Missile Weapons Level 1  
  87  6:38  Spore Crawler x2  
  79  6:49  Roach  
  79  6:50  Roach x3  
  79  6:53  Zergling x4  
  89  6:56  Zergling x4  
  91  7:01  Zergling x6  
  91  7:07  Zergling x6  
  96  7:11  Zergling x4  
  98  7:19  Zergling x8  
  100  7:26  Zergling x2  
  100  7:27  Zergling x4  
  103  7:36  Ravager x6  
  103  7:37  Ravager x4  
  110  7:38  Overlord  
  110  7:42  Overlord  
  110  7:46  Ravager  
  110  7:48  Roach  
  100  7:58  Roach  
  100  7:59  Roach x3  
  100  8:01  Roach  
  100  8:05  Roach  
  99  8:10  Roach  
  99  8:11  Roach  
  97  8:21  Roach  
  92  8:28  Roach x2  
  96  8:39  Roach, Zergling x2  
  87  8:42  Roach, Zergling x2  
Show
View Real Time Build Order
Export as new Build Order

iGXiGua Zerg 

Build Orders:  

Get SALT Encoding   

Show
View Real Time Build Order
Export as new Build Order

iGJim Zerg 

Build Orders:  

Get SALT Encoding   

Tags
 
Add a new tag
Caveats
  • Supply blocks, unpowered buildings, or Contaminate may cause inaccurate times.
  • Supply counts are checked every 10 seconds.